Map: 카탈리스트 - 래더

Players

PartinG - Winner!

  • Race: Protoss Protoss
  • League: Grandmaster
  • Spawn Location: 11:00

FanTaSy

  • Race: Terran Terran
  • League: Diamond
  • Spawn Location: 5:00

Event: HomeStory Cup XVII

VOD

Have the link to the VOD?

Description

Time

  • Played on: June 30, 2018, 3:19 p.m.
  • Length: 9:39

All games in this series

Show
View Real Time Build Order
Export as new Build Order

PartinG Protoss - Winner!

Build Orders: 1 Gate Expand, Dark Templar Rush 

Get SALT Encoding   

  12  0:00  Probe  
  13  0:12  Probe  
  14  0:17  Pylon  
  14  0:23  Probe  
  15  0:31  Probe  
  15  0:36  Gateway  
  15  0:39  Probe  
  16  0:45  Assimilator  
  17  0:51  Probe  
  18  1:03  Probe  
  19  1:15  Probe  
  20  1:23  Cybernetics Core  
  20  1:32  Nexus  
  20  1:41  Pylon  
  20  1:43  Probe  
  21  1:50  Adept  
  21  1:51  Assimilator  
  21  1:55  Probe  
  24  2:01  Warp Gate  
  24  2:07  Probe  
  24  2:08  Stalker  
  25  2:20  Probe  
  28  2:28  Twilight Council  
  28  2:34  Probe  
  28  2:36  Stalker  
  29  2:41  Probe  
  31  2:46  Probe  
  31  2:50  Probe  
  33  2:58  Probe  
  35  2:59  Probe  
  36  3:10  Probe, Dark Shrine  
  36  3:12  Probe  
  36  3:18  Stalker  
  38  3:22  Probe  
  38  3:24  Probe  
  40  3:33  Gateway  
  40  3:34  Probe  
  40  3:36  Probe  
  40  3:39  Shield Battery  
  40  3:42  Pylon  
  40  3:43  Probe  
  40  3:44  Probe  
  42  3:51  Probe  
  42  3:52  Probe  
  42  3:55  Robotics Facility  
  43  4:01  Pylon  
  43  4:02  Probe, Pylon  
  44  4:03  Probe  
  44  4:08  Pylon  
  46  4:12  Shield Battery  
  46  4:16  Assimilator  
  46  4:18  Assimilator  
  46  4:22  Dark Templar  
  48  4:25  Blink, Probe x2  
  48  4:28  Dark Templar  
  48  4:31  Warp Prism  
  52  4:36  Forge  
  54  4:47  Probe  
  54  4:48  Probe  
  55  5:05  Observer  
  55  5:08  Probe x2  
  55  5:11  Stalker x2  
  62  5:19  Nexus, Protoss Ground Weapons Level 1  
  62  5:21  Pylon  
  61  5:24  Observer  
  61  5:27  Probe x2  
  60  5:37  Stalker x2  
  64  5:45  Observer  
  64  5:46  Gateway  
  64  5:48  Gateway  
  65  6:00  Gateway x2  
  65  6:03  Dark Templar x2  
  69  6:06  Probe x2, Observer  
  72  6:17  Charge  
  72  6:21  Gateway  
  72  6:22  Gateway  
  72  6:32  Observer  
  72  6:33  Probe  
  72  6:34  Probe x2  
  75  6:40  Stalker x2  
  75  6:43  Pylon  
  75  6:46  Probe x3  
  82  6:48  Stalker  
  82  6:50  Stalker  
  82  6:51  Observer  
  86  7:03  Stalker x3  
  86  7:04  Protoss Ground Armor Level 1  
  92  7:14  Probe  
  92  7:15  Probe  
  94  7:16  Photon Cannon  
  94  7:19  Pylon  
  94  7:21  Sentry  
  94  7:22  Sentry  
  98  7:29  Pylon  
  98  7:32  Pylon  
  96  7:40  Immortal  
  96  7:50  Zealot x5  
  104  7:52  Dark Templar x2  
  102  8:04  Zealot  
  104  8:16  Immortal  
  104  8:19  Zealot x5  
  118  8:25  Nexus  
  118  8:26  Photon Cannon  
  118  8:28  Photon Cannon  
  116  8:45  Zealot x3  
  116  8:46  Zealot x5  
  126  9:02  Assimilator  
  126  9:03  Probe x2  
  126  9:07  Assimilator  
  126  9:09  Stalker x2  
  132  9:13  Pylon  
  132  9:15  Forge, Pylon  
  132  9:16  Pylon  
  132  9:17  Probe, Pylon  
  133  9:24  Templar Archives  
Show
View Real Time Build Order
Export as new Build Order

FanTaSy Terran 

Build Orders: Gas First Reaper Expand, Reaper Expand, Banshee Rush 

Get SALT Encoding   

  12  0:00  SCV  
  13  0:12  SCV  
  14  0:17  Supply Depot  
  14  0:25  SCV  
  15  0:29  Refinery  
  15  0:38  SCV  
  16  0:44  Barracks  
  16  0:50  SCV  
  17  1:03  SCV  
  18  1:15  SCV  
  19  1:31  Orbital Command  
  19  1:32  Reaper  
  20  1:50  Command Center  
  20  1:58  Factory, SCV  
  21  2:05  Refinery  
  21  2:07  Barracks Reactor  
  21  2:11  SCV  
  22  2:16  Supply Depot  
  22  2:23  SCV  
  23  2:38  SCV  
  24  2:44  Starport, Marine x2  
  24  2:45  Widow Mine  
  24  2:50  SCV  
  28  3:02  Marine x2, SCV  
  31  3:08  Factory Tech Lab  
  30  3:14  SCV  
  31  3:26  SCV  
  31  3:30  Marine  
  31  3:33  Marine  
  32  3:38  Cloaking Field, Banshee, SCV  
  32  3:41  Orbital Command  
  36  3:46  Factory Tech Lab  
  36  3:47  Orbital Command  
  36  3:50  SCV  
  36  3:53  Marine x2  
  39  4:03  SCV  
  39  4:09  Siege Tank  
  43  4:15  SCV  
  43  4:16  SCV  
  45  4:19  Supply Depot  
  45  4:27  SCV  
  45  4:30  Supply Depot  
  46  4:40  SCV, Raven, Marine x2  
  46  4:42  SCV  
  52  4:48  Command Center  
  52  4:51  Siege Tank  
  56  4:52  SCV  
  56  4:54  SCV  
  56  4:58  Marine x2  
  59  5:04  SCV  
  59  5:07  SCV  
  44  5:16  Marine x2  
  44  5:17  SCV  
  44  5:19  SCV  
  47  5:23  Siege Tank  
  48  5:29  SCV  
  48  5:31  SCV  
  48  5:38  Viking  
  48  5:39  Marine  
  48  5:41  SCV  
  49  5:43  Marine, SCV  
  51  5:53  SCV  
  51  5:55  SCV  
  53  6:01  Orbital Command  
  53  6:05  SCV  
  53  6:07  SCV  
  53  6:08  Barracks  
  55  6:17  Marine, SCV  
  57  6:19  SCV  
  57  6:20  Barracks  
  58  6:26  Starport Reactor  
  58  6:27  SCV  
  58  6:30  Engineering Bay  
  58  6:32  SCV x2  
  60  6:34  Engineering Bay  
  60  6:38  Marauder  
  60  6:39  SCV  
  63  6:42  Refinery  
  63  6:43  Refinery  
  63  6:44  SCV x2  
  63  6:46  Supply Depot  
  65  6:52  SCV  
  66  6:55  Barracks x2  
  66  6:56  Marine x2, SCV x2  
  70  7:04  SCV  
  71  7:11  Terran Infantry Armor Level 1, Terran Infantry Weapons Level 1  
  71  7:12  Barracks  
  73  7:15  Supply Depot, Marine x2  
  73  7:16  Medivac, Marauder x2  
  73  7:22  SCV x2  
  81  7:27  Supply Depot  
  81  7:33  Marine x2  
  81  7:34  Orbital Command, SCV  
  81  7:36  SCV  
  81  7:37  Marauder x2  
  79  7:46  SCV  
  79  7:48  SCV  
  78  7:51  Marine x2  
  78  7:58  SCV  
  78  7:59  Barracks Tech Lab x2  
  78  8:00  SCV  
  78  8:01  Barracks Reactor, Barracks Tech Lab  
  78  8:03  Viking  
  78  8:04  Medivac  
  82  8:11  SCV  
  79  8:14  Marine x2  
  79  8:15  SCV x2  
  80  8:22  Barracks Reactor  
  80  8:24  Marauder  
  80  8:25  Marauder x2  
  85  8:27  SCV x2  
  85  8:32  Marine x2  
  82  8:39  SCV x3  
  69  8:52  Marauder  
  69  8:53  Marauder, Marine x2  
  69  8:54  Barracks Reactor  
  69  8:55  Medivac x2  
  79  8:56  SCV x2  
  79  8:57  SCV  
  79  9:03  Barracks  
  79  9:09  SCV  
  80  9:10  Armory, SCV x2  
  82  9:21  Refinery x2, Marine x2, SCV  
  82  9:22  SCV x2  
  87  9:36  Supply Depot  
  87  9:38  Supply Depot  
Tags
 
Add a new tag
Caveats
  • Supply blocks, unpowered buildings, or Contaminate may cause inaccurate times.
  • Supply counts are checked every 10 seconds.